 Dungeon Crawl Stone Soup version 0.26.1-11-gd32895ea62 (webtiles) character file.

Game seed: 7980290137691851283

350558 nothank2 the Hoplite (level 22, 0/210 HPs)
             Began as a Gargoyle Fighter on June 25, 2021.
             Was the Champion of the Shining One.
             Splashed by an acid blob's acid (1 damage)
             ... on level 5 of the Pits of Slime on July 7, 2021.
             The game lasted 03:37:13 (48718 turns).

nothank2 the Hoplite (Gargoyle Fighter)            Turns: 48718, Time: 03:37:13

Health: 0/210      AC: 26    Str: 28    XL:     22   Next: 21%
Magic:  2/31       EV: 12    Int: 10    God:    the Shining One [******]
Gold:   2658       SH: 50    Dex: 11    Spells: 21/21 levels left

rFire    . . .     SeeInvis .   w - +9 eveningstar (venom)
rCold    + + +     Faith    .   e - +8 tower shield
rNeg     + + +     Spirit   .   I - +12 plate armour "Wisosurr" {rF+ rCorr}
rPois    ∞         Reflect  +   o - +0 hat "Ryigg" {rF- rC+++ rN+ Dex+3}
rElec    +         Harm     .   (no cloak)
rCorr    +         Rampage  .   C - +0 pair of gloves
Will     ++...                  G - +2 pair of boots {run}
Stlth    ..........             V - amulet of reflection
HPRegen  0.00/turn              h - ring of willpower
MPRegen  0.22/turn              b - +4 ring of evasion

@: berserking, divine shield, corroded, glowing, very quick
A: big wings, talons 1, clumsy 1, negative energy resistance 1, screaming 1,
electricity resistance, inhibited regeneration, unbreathing, petrification
resistance, no potion heal 1, miasma immunity, AC +16
}: 2/15 runes: barnacled, gossamer
a: Fly, Renounce Religion, Divine Shield, Cleansing Flame, Summon Divine
Warrior, Brand Weapon With Holy Wrath


You were on level 5 of the Pits of Slime.
You worshipped the Shining One.
The Shining One was exalted by your worship.
You visited 8 branches of the dungeon, and saw 40 of its levels.
You visited 2 bazaars.
You also visited: Ice Cave and Wizlab.

You collected 4916 gold pieces.
You spent 2258 gold pieces at shops.

Inventory:

Hand Weapons
 l - the +8 whip "Leviticus" {freeze, rF+ Will+}
   (You found it on level 5 of the Lair of Beasts)

   It has been specially enchanted to freeze those struck by it, causing extra
   injury to most foes and up to half again as much damage against particularly
   susceptible opponents.
   It can also slow down cold-blooded creatures.
   It protects you from fire.
   It affects your willpower, your defense against some magical effects.
 w - a +9 eveningstar of venom (weapon)
Missiles
 k - 93 poisoned darts (quivered)
Armour
 e - a +8 tower shield (worn)
 o - the +0 hat "Ryigg" (worn) {rF- rC+++ rN+ Dex+3}
   (You found it on level 5 of the Lair of Beasts)

   It affects your dexterity (+3).
   It makes you vulnerable to fire.
   It renders you almost immune to cold.
   It protects you from negative energy.
 p - a +1 pair of gloves
 C - a +0 pair of gloves (worn)
 G - a +2 pair of boots of running (worn)
 I - the +12 plate armour "Wisosurr" (worn) {rF+ rCorr}
   (You found it on level 9 of the Dungeon)

   It protects you from fire.
   It provides partial protection from all sources of acid and corrosion.
 S - +3 storm dragon scales {Bai Suzhen}
Jewellery
 b - a +4 ring of evasion (right hand)
 h - a ring of willpower (left hand)
 m - the ring "Nageavul" {Str+2 Int+6 Stlth+}
   (You took it off a wight on level 14 of the Dungeon)

   [ring of intelligence]

   It affects your strength (+2).
   It affects your intelligence (+6).
   It makes you more stealthy.
 A - the ring "Kamysur" {rC+ rN+ Int+3}
   (You found it on level 2 of the Shoals)

   [ring of protection from cold]

   It affects your intelligence (+3).
   It protects you from cold.
   It protects you from negative energy.
 H - an uncursed ring of fire
 J - an uncursed amulet of faith
 K - an uncursed ring of wizardry
 O - an uncursed ring of stealth
 R - the amulet of the Magpie {Faith rElec rF++ Stlth-}
   (You took it off a deep elf death mage on level 3 of the Elven Halls)

   [amulet of faith]

   It allows you to gain divine favour quickly.
   It greatly protects you from fire.
   It insulates you from electricity.
   It makes you less stealthy.
 T - the ring of Ocyxkoky {EV+4 SInv}
   (You took it off a deep elf archer on level 3 of the Elven Halls)

   [ring of evasion]

   It affects your evasion (+4).
   It lets you see invisible.
 V - an amulet of reflection (around neck)
 W - a +6 ring of dexterity
 X - an uncursed amulet of magic regeneration
 Y - an uncursed ring of ice
Wands
 v - a wand of disintegration (79)
 E - a wand of polymorph (32)
 M - a wand of digging (5)
 P - a wand of paralysis (16)
 Q - a wand of enslavement (12)
Scrolls
 a - 17 scrolls of teleportation
 f - a scroll of summoning
 i - 4 scrolls of amnesia
 j - 6 scrolls of immolation
 q - 6 scrolls of fog
 t - 4 scrolls of fear
 z - a scroll of holy word
 B - 9 scrolls of blinking
 D - 17 scrolls of remove curse
 F - 2 scrolls of magic mapping
 L - 5 scrolls of identify
 N - a scroll of brand weapon
 U - 3 scrolls of enchant armour
Potions
 c - a potion of cancellation {unknown}
 d - 6 potions of might
 g - 7 potions of heal wounds
 n - 2 potions of haste
 r - 20 potions of curing
 s - 7 potions of lignification
 u - 3 potions of resistance
 x - 3 potions of berserk rage
 Z - a potion of magic
Miscellaneous
 y - a box of beasts


   Skills:
 + Level 15.0 Fighting
 + Level 19.4 Maces & Flails
 * Level 13.7 Armour
 - Level 1.0 Dodging
 + Level 25.5 Shields
 - Level 12.7 Invocations


You had 21 spell levels left.
You didn't know any spells.
Your spell library contained the following spells:

 Spells                   Type           Power        Failure   Level
 Animate Skeleton         Necr           0%           94%         1
 Beastly Appendage        Tmut           0%           94%         1
 Foxfire                  Conj/Fire      0%           94%         1
 Magic Dart               Conj           0%           94%         1
 Pain                     Necr           0%           94%         1
 Sandblast                Erth           0%           94%         1
 Blink                    Tloc           N/A          98%         2
 Call Imp                 Summ           0%           98%         2
 Corpse Rot               Necr/Air       N/A          98%         2
 Ensorcelled Hibernation  Hex/Ice        0%           98%         2
 Passwall                 Tmut/Erth      0%           98%         2
 Poisonous Vapours        Pois/Air       0%           98%         2
 Searing Ray              Conj           0%           98%         2
 Slow                     Hex            0%           98%         2
 Swiftness                Air            0%           98%         2
 Wereblood                Tmut           0%           98%         2
 Confusing Touch          Hex            0%           100%        3
 Conjure Flame            Conj/Fire      0%           100%        3
 Dazzling Flash           Conj/Hex       0%           100%        3
 Gell's Gravitas          Tloc           0%           100%        3
 Mephitic Cloud           Conj/Pois/Air  0%           100%        3
 Spider Form              Tmut/Pois      0%           100%        3
 Static Discharge         Conj/Air       0%           100%        3
 Stone Arrow              Conj/Erth      0%           100%        3
 Vampiric Draining        Necr           0%           100%        3
 Animate Dead             Necr           0%           100%        4
 Cause Fear               Hex            0%           100%        4
 Fulminant Prism          Conj/Hex       0%           100%        4
 Hailstorm                Conj/Ice       0%           100%        4
 Ice Form                 Ice/Tmut       0%           100%        4
 Iskenderun's Mystic Bla  Conj/Tloc      0%           100%        4
 Petrify                  Tmut/Erth      0%           100%        4
 Summon Lightning Spire   Summ/Air       0%           100%        4
 Agony                    Necr           0%           100%        5
 Blade Hands              Tmut           0%           100%        5
 Fireball                 Conj/Fire      0%           100%        5
 Lee's Rapid Deconstruct  Erth           0%           100%        5
 Lightning Bolt           Conj/Air       0%           100%        5
 Metabolic Englaciation   Hex/Ice        0%           100%        5
 Silence                  Hex/Air        0%           100%        5
 Summon Forest            Summ/Tloc      0%           100%        5
 Yara's Violent Unravell  Hex/Tmut       0%           100%        5
 Eringya's Noxious Bog    Tmut/Pois      0%           100%        6
 Freezing Cloud           Conj/Ice/Air   0%           100%        6
 Hydra Form               Tmut           0%           100%        6
 Ozocubu's Refrigeration  Ice            0%           100%        6
 Simulacrum               Ice/Necr       0%           100%        6
 Dragon Form              Tmut           0%           100%        7
 Malign Gateway           Summ/Tloc      0%           100%        7
 Orb of Destruction       Conj           0%           100%        7
 Summon Hydra             Summ           0%           100%        7
 Discord                  Hex            0%           100%        8
 Ignition                 Fire           0%           100%        8
 Dragon's Call            Summ           0%           100%        9
 Shatter                  Erth           0%           100%        9
 Tornado                  Air            0%           100%        9
 Sublimation of Blood     Necr           Unusable     N/A         2

Dungeon Overview and Level Annotations

Branches:
Dungeon (15/15)            Temple (1/1) D:4            Lair (6/6) D:9
 Shoals (4/4) Lair:4       Spider (4/4) Lair:4        Slime (5/5) Lair:5
    Orc (2/2) D:12            Elf (3/3) Orc:2        Vaults (0/5) D:13
 Depths (0/5) D:15          IceCv (visited)          WizLab (visited)

Altars:
Ashenzari
Cheibriados
Dithmenos
Elyvilon
Fedhas
Gozag
Hepliaklqana
Kikubaaqudgha
Makhleb
Nemelex Xobeh
Okawaru
Qazlal
Ru
Sif Muna
Trog
Uskayaw
Vehumet
Wu Jian
Xom
Yredelemnul
Zin
The Shining One
Jiyva

Shops:
D:4 [   D:9 (   D:15 ?   Orc:1 (   Orc:2 (?:=   Elf:1 ?   Elf:3 *

Portals:
Trove: D:10 (give 13 potions of heal wounds)


Innate Abilities, Weirdness & Mutations

You are resistant to torment.
Your stone body is resilient. (AC +16)
You are immune to poison.
Your large and strong wings let you fly indefinitely.
You resist negative energy. (rN+)
You are resistant to electric shocks. (rElec)
You can survive without breathing.
You are immune to petrification.
You are immune to miasma.
You have sharp toenails.
You are clumsy. (Dex -2)
You occasionally shout uncontrollably at your foes.
You do not regenerate when monsters are visible.
Potions are less effective at restoring your health.


Message History

* * * LOW HITPOINT WARNING * * *
The acid blob is moderately wounded.
You block the slime creature's attack. x2
You puncture the acid blob!
The acid blob looks as sick as possible!
Your hands burn!
* * * LOW HITPOINT WARNING * * *
The acid blob is heavily wounded.
You block the slime creature's attack. The acid blob spits acid at you.
The splash of acid hits you but does no damage.
You resist. The acid corrodes you!
You are splashed with acid.
You resist.
* * * LOW HITPOINT WARNING * * *
You thump the acid blob!
Your hands burn!
* * * LOW HITPOINT WARNING * * *
The acid blob is heavily wounded.
You block the slime creature's attack. x2
You are too berserk!
You bludgeon the acid blob!!
Your hands burn!
You die...

#.#.........
#............
##.............
##..............
#...............
##...............
#................
#.....JJJ........
##....J@J........
#................
.................
#................
.................
#................
#................
###..............
...............


You could see 2 acid blobs and 3 slime creatures.

Vanquished Creatures
  An ancient lich (WizLab)
  Bai Suzhen (Shoals:4)
  Arachne (Spider:4)
  Rupert (D:12)
  3 deep elf blademasters (Elf:3)
  Asterion (Elf:2)
  An ancient champion (WizLab)
  11 acid blobs
  A kraken (Shoals:3)
  Polyphemus (Shoals:3)
  Kirke (D:12)
  8 azure jellies
  A storm dragon (D:14)
  Ilsuiw (Shoals:3)
  8 deep elf sorcerers
  5 emperor scorpions
  7 deep elf elementalists
  4 ghost moths
  Aizul (Spider:3)
  A stone giant (Orc:1)
  6 deep elf annihilators
  Azrael (D:12)
  4 deep elf demonologists (Elf:3)
  5 entropy weavers
  4 spark wasps
  8 merfolk javelineers
  8 deep elf death magi (Elf:3)
  A death ooze (Slime:4)
  4 deep elf high priests (Elf:3)
  7 merfolk impalers
  5 great orbs of eyes
  Josephine (D:10)
  A rakshasa (D:14)
  4 catoblepae
  Erolcha (D:12)
  Harold (D:7)
  7 hydras
  10 boulder beetles
  2 merfolk aquamancers
  5 centaur warriors
  4 ogre magi (Orc:2)
  5 merfolk avatars
  A satyr (Shoals:1)
  26 dancing weapons
  A queen ant (Spider:3)
  10 death yaks
  20 two-headed ogres
  A tengu warrior (D:13)
  Urug (D:10)
  12 deep elf knights
  A fire crab (shapeshifter) (D:14)
  2 small abominations (Elf:3)
  17 skeletal warriors
  An unseen horror (shapeshifter) (Elf:1)
  3 unseen horrors
  13 sea snakes
  2 orc knights
  10 deep elf archers
  A flayed ghost (D:15)
  A spriggan druid (Elf:3)
  Pikel (D:7)
  A wizard (D:13)
  A shadow dragon zombie (D:15)
  A necromancer (D:15)
  2 harpies (Shoals:4)
  9 ugly things
  6 shining eyes
  24 orb spiders
  3 orc sorcerers
  8 fauns
  6 oklob plants
  128 slime creatures
  34 deep elf magi
  15 manticores
  A frost giant zombie (D:15)
  36 wolf spiders
  A cyclops (shapeshifter) (D:14)
  6 cyclopes
  8 elephants
  5 water nymphs
  13 merfolk sirens
  5 moths of wrath
  4 eyes of devastation
  7 black mambas
  A gargoyle (D:14)
  Maurice (D:8)
  2 efreet (D:14)
  8 komodo dragons
  17 cane toads
  3 torpor snails
  4 rime drakes
  A freezing wraith (D:15)
  4 ice devils (IceCv)
  2 tengu conjurers (D:13)
  11 demonic crawlers
  A yaktaur (D:14)
  6 trolls
  3 polar bears
  43 jumping spiders
  7 hornets
  2 tyrant leeches (D:14)
  5 wind drakes
  Grinder (D:3)
  24 merfolk
  37 dream sheep
  An ettin zombie (D:15)
  4 blink frogs (Lair:4)
  10 snapping turtles
  An ice dragon skeleton (D:15)
  5 air elementals
  8 water elementals
  5 fire elementals
  2 shadows (D:14)
  37 tarantellas
  86 redbacks
  4 wraiths
  39 yaks
  5 vampires
  8 wyverns
  Eustachio (D:5)
  A hog (shapeshifter) (D:14)
  4 basilisks
  16 golden eyes
  A steam dragon (Lair:5)
  Menkaure (D:7)
  4 wargs
  4 swamp worms (D:14)
  3 two-headed ogre zombies (WizLab)
  10 soldier ants (Spider:3)
  14 water moccasins
  A floating eye (Slime:4)
  4 hell hounds
  20 orc warriors
  A meliai simulacrum (D:14)
  6 sky beasts
  4 phantoms
  13 black bears
  7 eyes of draining
  2 necrophages
  35 ogres
  11 ice beasts
  21 centaurs
  20 wolves
  6 big kobolds
  19 bullfrogs
  4 earth elementals
  6 scorpions
  A wyvern skeleton (D:6)
  8 troll zombies (WizLab)
  9 killer bees
  6 howler monkeys
  12 wights
  3 electric eels
  A crimson imp (D:5)
  6 centaur zombies
  2 bullfrog zombies
  14 hounds
  6 jellies
  17 orc priests
  A bullfrog skeleton (D:8)
  5 centaur skeletons
  5 iguanas
  Natasha (thrice) (D:3)
  16 orc wizards
  25 worker ants
  9 ogre zombies (WizLab)
  A hound zombie (D:6)
  A hound skeleton (D:11)
  5 worker ant zombies
  A howler monkey zombie (D:7)
  A howler monkey skeleton (D:7)
  11 adders
  A shadow imp (D:6)
  3 white imps
  An ufetubus (D:7)
  An ooze (D:7)
  2 adder zombies (D:6)
  2 adder skeletons
  2 worms
  A dart slug (D:1)
  5 leopard geckos
  55 orcs
  15 bats
  7 giant cockroaches
  4 goblins
  6 hobgoblins
  17 jackals
  35 kobolds
  5 quokkas
  3 frilled lizards
  A giant cockroach zombie (D:6)
  A jackal skeleton (D:5)
  A jackal zombie (D:6)
  A leopard gecko zombie (D:6)
  A quokka skeleton (D:5)
  2 quokka zombies (D:6)
  4 rats
  2 crawling corpses (Elf:3)
  2 tentacles (Shoals:3)
1587 creatures vanquished.

Vanquished Creatures (collateral kills)
  A deep elf blademaster (Elf:3)
  2 deep elf demonologists (Elf:3)
  2 deep elf high priests (Elf:3)
  A deep elf mage (Elf:3)
6 creatures vanquished.

Vanquished Creatures (others)
  A deep elf annihilator (Elf:3)
  Sonja (D:12)
  2 deep elf magi
  6 killer bees (D:12)
  An orc (D:12)
  24 fungi
  85 plants
  5 tentacles (Shoals:3)
125 creatures vanquished.

Grand Total: 1718 creatures vanquished

Notes
Turn   | Place    | Note
-------+----------+-------------------------------------------
     0 | D:1      | nothank2 the Gargoyle Fighter began the quest for the Orb.
     0 | D:1      | Reached XP level 1. HP: 14/14 MP: 1/1
   185 | D:1      | Reached XP level 2. HP: 19/19 MP: 2/2
   539 | D:1      | Reached XP level 3. HP: 20/23 MP: 3/3
  1154 | D:2      | Reached XP level 4. HP: 28/28 MP: 4/4
  1200 | D:2      | Noticed an ogre
  1258 | D:2      | Killed an ogre
  1259 | D:2      | Reached skill level 5 in Maces & Flails
  1259 | D:2      | Reached XP level 5. HP: 21/32 MP: 5/5
  2175 | D:3      | Noticed Grinder
  2183 | D:3      | Paralysed by Grinder for 5 turns
  2194 | D:3      | Paralysed by Grinder for 2 turns
  2199 | D:3      | Paralysed by Grinder for 5 turns
  2207 | D:3      | Killed Grinder
  2208 | D:3      | Reached XP level 6. HP: 25/37 MP: 6/6
  2220 | D:3      | Noticed Natasha
  2238 | D:3      | Killed Natasha
  2277 | D:3      | Noticed Natasha
  2314 | D:3      | Killed Natasha
  2484 | D:3      | Reached XP level 7. HP: 36/41 MP: 7/7
  2585 | D:3      | Noticed Natasha
  2620 | D:3      | Killed Natasha
  3144 | D:4      | Found a staircase to the Ecumenical Temple.
  3148 | Temple   | Entered the Ecumenical Temple
  3314 | Temple   | Became a worshipper of the Shining One
  3812 | D:4      | Found Gativoko's Antique Armour Shoppe.
  4022 | D:5      | Entered Level 5 of the Dungeon
  4153 | D:5      | Reached skill level 1 in Invocations
  4169 | D:5      | Reached skill level 4 in Shields
  4399 | D:5      | Reached XP level 8. HP: 46/46 MP: 9/9
  4410 | D:5      | Noticed Eustachio
  4410 | D:5      | Reached * piety under the Shining One
  4425 | D:5      | Killed Eustachio
  4426 | D:5      | Reached skill level 5 in Shields
  4810 | D:5      | Found a burning altar of Makhleb.
  4871 | D:6      | Found a sparkling altar of Nemelex Xobeh.
  4988 | D:6      | Reached skill level 1 in Dodging
  5069 | D:6      | Reached ** piety under the Shining One
  5173 | D:6      | Reached XP level 9. HP: 51/51 MP: 11/11
  5197 | D:6      | Reached skill level 10 in Maces & Flails
  5464 | D:6      | Got an ichor-stained leather armour
  5551 | D:7      | Reached skill level 6 in Shields
  5652 | D:7      | Noticed Harold
  5678 | D:7      | Killed Harold
  5793 | D:7      | Noticed Menkaure
  5796 | D:7      | Killed Menkaure
  5797 | D:7      | Reached skill level 7 in Shields
  6026 | D:7      | Noticed Pikel
  6037 | D:7      | Killed Pikel
  6038 | D:7      | Reached XP level 10. HP: 56/56 MP: 12/12
  6048 | D:7      | Found a shadowy altar of Dithmenos.
  6285 | D:7      | Reached *** piety under the Shining One
  7002 | D:8      | Reached skill level 8 in Shields
  7183 | D:8      | Identified the +9 long sword of Vavitepu {vamp, rF+ Will+
                  | Str+2 Dex+2}
  7875 | D:8      | Noticed Maurice
  7887 | D:8      | Killed Maurice
  7888 | D:8      | Reached skill level 9 in Shields
  8425 | D:9      | Reached skill level 10 in Shields
  8438 | D:9      | Reached XP level 11. HP: 60/60 MP: 13/13
  8483 | D:9      | Reached **** piety under the Shining One
  8553 | D:9      | Found a staircase to the Lair.
  8570 | D:9      | Got a brightly glowing scale mail
  8730 | D:9      | Identified the +4 scale mail "Daibasil" {Harm +Fly rN+
                  | Str+3} (You found it on level 9 of the Dungeon)
  8741 | D:9      | Found Zeusyv's Weapon Boutique.
  8906 | D:9      | Found a transporter.
  8907 | D:9      | Found a transporter.
  8912 | D:9      | Found a viscous altar of Jiyva.
  8929 | D:9      | Reached skill level 11 in Shields
  8937 | D:9      | Reached skill level 5 in Armour
  8962 | D:9      | Got a translucent plate armour
  8988 | D:9      | Identified the +12 plate armour "Wisosurr" {rF+ rCorr} (You
                  | found it on level 9 of the Dungeon)
  9028 | D:9      | Noticed a skeletal warrior
  9028 | D:9      | Noticed a skeletal warrior
  9028 | D:9      | Noticed a skeletal warrior
  9082 | D:9      | Killed a skeletal warrior
  9167 | D:9      | Killed a skeletal warrior
  9218 | D:9      | Killed a skeletal warrior
  9740 | D:10     | Entered Level 10 of the Dungeon
  9758 | D:9      | Reached skill level 12 in Shields
 10254 | D:10     | Found a stormy altar of Qazlal.
 10623 | D:10     | Noticed Urug
 10649 | D:10     | Killed Urug
 10749 | D:10     | Reached XP level 12. HP: 66/66 MP: 14/14
 10774 | D:10     | Reached ***** piety under the Shining One
 10924 | D:10     | Noticed Josephine
 10971 | D:10     | Killed Josephine
 10972 | D:10     | Reached skill level 13 in Shields
 11034 | D:10     | Found a portal to a secret trove of treasure.
 11216 | Lair:1   | Entered Level 1 of the Lair of Beasts
 11429 | Lair:1   | Identified the +0 leather armour of Jaghi {rC+ Str+2 Dex+3
                  | SInv} (You found it on level 6 of the Dungeon)
 11717 | Lair:1   | Noticed a five-headed hydra
 11730 | Lair:1   | Killed a five-headed hydra
 11731 | Lair:1   | Reached skill level 5 in Fighting
 12848 | Lair:2   | Noticed an eight-headed hydra
 12879 | Lair:3   | Killed an eight-headed hydra
 13929 | Lair:4   | Reached XP level 13. HP: 76/76 MP: 15/15
 14547 | Lair:4   | Found a hole to the Spider Nest.
 14683 | Lair:4   | Found a staircase to the Shoals.
 16277 | D:11     | Found a frozen archway.
 16351 | D:11     | Reached skill level 14 in Shields
 16366 | IceCv    | Entered an ice cave
 17538 | D:11     | Identified a +2 pair of boots of running (You found it on
                  | level 11 of the Dungeon)
 17695 | D:12     | Noticed Azrael
 18035 | D:12     | Killed Azrael
 18407 | D:12     | Noticed Erolcha
 18424 | D:12     | Killed Erolcha
 18618 | D:12     | Noticed Sonja
 18629 | D:12     | Killed Sonja
 18651 | D:12     | Noticed Rupert
 18681 | D:12     | Killed Rupert
 18682 | D:12     | Reached skill level 15 in Shields
 18868 | D:12     | Found a staircase to the Orcish Mines.
 19045 | D:12     | Noticed Kirke
 19067 | D:12     | Killed Kirke
 19068 | D:12     | Gained mutation: Your large and strong wings let you fly
                  | indefinitely. [Gargoyle growth]
 19068 | D:12     | Reached XP level 14. HP: 86/86 MP: 16/16
 19487 | D:13     | Found an ancient bone altar of Kikubaaqudgha.
 19501 | D:13     | Reached skill level 10 in Armour
 19684 | D:13     | Found a gate to the Vaults.
 19855 | D:13     | Reached ****** piety under the Shining One
 20063 | D:13     | Reached skill level 16 in Shields
 20511 | D:14     | Reached skill level 10 in Fighting
 20720 | D:14     | Reached skill level 5 in Invocations
 21132 | D:14     | Found a runed translucent door.
 21307 | D:14     | Noticed a storm dragon
 21308 | D:14     | Found a runed translucent door.
 21308 | D:14     | Found a runed translucent door.
 21474 | D:14     | Reached skill level 17 in Shields
 21520 | D:14     | Got a dazzling rapier
 21743 | D:15     | Entered Level 15 of the Dungeon
 21906 | D:15     | Reached XP level 15. HP: 86/93 MP: 19/19
 21971 | D:15     | Found a staircase to the Depths.
 22596 | D:15     | Found Huofuteg's Magic Scroll Boutique.
 22599 | D:15     | Bought a scroll of enchant weapon for 105 gold pieces
 22599 | D:15     | Bought a scroll of enchant weapon for 105 gold pieces
 22599 | D:15     | Bought a scroll of teleportation for 42 gold pieces
 22738 | Orc:1    | Entered Level 1 of the Orcish Mines
 22829 | Orc:2    | Entered Level 2 of the Orcish Mines
 22954 | Orc:1    | Found Taylee's Weapon Shop.
 24104 | Orc:2    | Found a gateway to a bazaar.
 24113 | Bazaar   | Entered a bazaar
 24127 | Bazaar   | Found Vely's Gadget Emporium.
 24150 | Bazaar   | Found Moproh's Antique Weapon Shoppe.
 24155 | Bazaar   | Bought a buzzing mace for 272 gold pieces
 24172 | Bazaar   | Identified the cursed +2 mace of Tomiux {freeze, rF+ Str+3
                  | Int-3} (You bought it in a shop in a bazaar)
 24178 | Bazaar   | Bought an iridescent mace for 272 gold pieces
 24178 | Bazaar   | Identified the +4 mace of Temperance {elec, rElec Dex+4
                  | SInv Stlth-} (You bought it in a shop in a bazaar)
 24179 | Bazaar   | Identified the +6 rapier "Ehat" {flame, rC+} (You found it
                  | on level 14 of the Dungeon)
 24195 | Bazaar   | Found Gastroczi's Gadget Emporium.
 24195 | Bazaar   | Found Awkoce's Antique Weapon Shoppe.
 24200 | Bazaar   | Bought a runed morningstar for 168 gold pieces
 24217 | Bazaar   | Found Fofil's Weapon Shoppe.
 24260 | Orc:2    | Found a staircase to the Elven Halls.
 24504 | Orc:2    | Reached skill level 18 in Shields
 24523 | Orc:2    | Paralysed by an ogre mage for 5 turns
 24537 | Orc:2    | Paralysed by an ogre mage for 6 turns
 25022 | Orc:2    | Found Xetrauck's Jewellery Shoppe.
 25029 | Orc:2    | Found Macih's Book Shop.
 25029 | Orc:2    | Found Cutogg's Antique Weapon Emporium.
 25029 | Orc:2    | Found Fuegethre's Magic Scroll Shop.
 25069 | Orc:2    | Bought a scroll of teleportation for 33 gold pieces
 25069 | Orc:2    | Bought a scroll of brand weapon for 220 gold pieces
 25069 | Orc:2    | Bought a scroll of acquirement for 572 gold pieces
 25188 | Orc:2    | Acquired a +0 eveningstar of protection
 25653 | Lair:5   | Found a staircase to the Slime Pits.
 25691 | Lair:5   | Found a runed translucent door.
 25734 | Lair:5   | Got a dazzling whip
 25736 | Lair:5   | Got a spiked hat
 25759 | Lair:5   | Reached XP level 16. HP: 101/101 MP: 21/21
 25986 | Lair:5   | Reached skill level 15 in Maces & Flails
 26767 | Lair:5   | Got a smoking ruby amulet
 26774 | Lair:5   | Identified Spellweaving Continued
 26863 | Lair:5   | Identified the amulet "Vyiriso" {Fragile +Blink rF++ rC+
                  | Regen+} (You found it on level 5 of the Lair of Beasts)
 26877 | Lair:6   | Entered Level 6 of the Lair of Beasts
 27224 | Lair:6   | Reached skill level 19 in Shields
 28865 | Lair:2   | Identified the cursed +0 hat "Ryigg" {rF- rC+++ rN+ Dex+3}
                  | (You found it on level 5 of the Lair of Beasts)
 28866 | Lair:2   | Identified the +8 whip "Leviticus" {freeze, rF+ Will+} (You
                  | found it on level 5 of the Lair of Beasts)
 28942 | Spider:1 | Entered Level 1 of the Spider Nest
 29215 | Spider:1 | Reached XP level 17. HP: 106/106 MP: 24/24
 30013 | Spider:1 | Got a warped tower shield
 30260 | Spider:2 | Reached skill level 10 in Invocations
 30292 | Spider:2 | Reached skill level 20 in Shields
 31301 | Spider:3 | Noticed Aizul
 31315 | Spider:3 | Killed Aizul
 31814 | Spider:4 | Entered Level 4 of the Spider Nest
 32112 | Spider:4 | Reached skill level 21 in Shields
 32226 | Spider:4 | Reached XP level 18. HP: 112/112 MP: 26/26
 32316 | Spider:4 | Noticed Arachne
 32343 | Spider:4 | Killed Arachne
 32479 | Spider:4 | Identified the +2 tower shield "Legushut" {rC+} (You found
                  | it on level 1 of the Spider Nest)
 32574 | Spider:4 | Got a gossamer rune of Zot
 33692 | D:14     | Reached skill level 22 in Shields
 33758 | D:14     | Identified the +9 triple sword of the Lonely Geomancers
                  | {antimagic, +Fly rN++ Dex+2 Stlth-}
 33767 | D:14     | Identified the ring "Nageavul" {Str+2 Int+6 Stlth+}
 33938 | D:14     | Found a runed translucent door.
 33939 | D:14     | Found a runed translucent door.
 34254 | Shoals:1 | Entered Level 1 of the Shoals
 35208 | Shoals:2 | Found a flickering gateway to a bazaar.
 35225 | Bazaar   | Entered a bazaar
 35229 | Bazaar   | Found Xutedeis's Gadget Shop.
 35275 | Bazaar   | Found Ludghal's Distillery.
 35275 | Bazaar   | Found Esiopradd's Weapon Shop.
 35287 | Bazaar   | Bought a potion of heal wounds for 45 gold pieces
 35287 | Bazaar   | Bought a potion of heal wounds for 45 gold pieces
 35301 | Bazaar   | Found Bujeurgh's Book Boutique.
 35370 | Shoals:2 | Got a smoking marble ring
 35523 | Shoals:2 | Reached XP level 19. HP: 116/116 MP: 28/28
 36080 | Shoals:3 | Noticed Ilsuiw
 36443 | Shoals:3 | Killed Ilsuiw
 36957 | Shoals:3 | Noticed Polyphemus
 36979 | Shoals:3 | Killed Polyphemus
 36997 | Shoals:3 | Reached skill level 23 in Shields
 37299 | Shoals:4 | Entered Level 4 of the Shoals
 37592 | Shoals:4 | Noticed Bai Suzhen
 37607 | Shoals:4 | Killed Bai Suzhen
 37732 | Shoals:4 | Got a barnacled rune of Zot
 38824 | Elf:1    | Entered Level 1 of the Elven Halls
 38969 | Elf:1    | Found a magical portal.
 38981 | WizLab   | Entered Zonguldrok's Shrine
 39244 | WizLab   | Noticed an antique lich
 39257 | WizLab   | Killed an antique lich
 39258 | WizLab   | Reached XP level 20. HP: 105/124 MP: 29/29
 39260 | WizLab   | Found the +9 sword of Zonguldrok {reap}
 39268 | WizLab   | Identified the Catalogue of the Mountains and Black Rituals
 39383 | Elf:1    | Found Moyts's Magic Scroll Shoppe.
 39702 | Elf:1    | Identified Raseimig's Compendium of Conjuration
 40520 | Elf:2    | Found a huge runed translucent gate.
 40520 | Elf:2    | Found a huge runed translucent gate.
 40520 | Elf:2    | Found a huge runed translucent gate.
 40597 | Elf:2    | Identified the cursed +0 kite shield of Resonance {rElec
                  | rN+ Will+ Slay-3}
 40597 | Elf:2    | Noticed Asterion
 40602 | Elf:2    | Gained mutation: You occasionally shout uncontrollably at
                  | your foes. [a cacodemon]
 40612 | Elf:2    | Killed Asterion
 40856 | Elf:2    | Found a huge runed translucent gate.
 40856 | Elf:2    | Found a huge runed translucent gate.
 40946 | Elf:2    | Reached skill level 24 in Shields
 41385 | Elf:3    | Entered Level 3 of the Elven Halls
 41394 | Elf:3    | Identified the ring "Kamysur" {rC+ rN+ Int+3} (You found it
                  | on level 2 of the Shoals)
 41482 | Elf:3    | Found Dumusok's Assorted Antiques.
 41501 | Elf:3    | Bought a potion of might for 132 gold pieces
 41501 | Elf:3    | Bought a pair of embroidered gloves for 247 gold pieces
 41664 | Elf:3    | Identified the cursed +1 spear "Hify" {vorpal, *Drain rC++
                  | Str+4 Dex+9}
 41779 | Elf:3    | Identified the ring of Ocyxkoky {EV+4 SInv}
 41953 | Elf:3    | Identified the amulet of the Magpie {Faith rElec rF++
                  | Stlth-}
 41999 | Elf:3    | Identified the +6 scimitar of Diet Blood {freeze, rElec
                  | Str+3}
 42030 | Elf:3    | Reached XP level 21. HP: 131/131 MP: 13/30
 42241 | Elf:3    | Identified the +9 hand axe of Abuse {holy, rElec}
 42435 | Elf:3    | Identified Wudwovik's Tome of Supportive Transmigration
 43197 | Slime:1  | Entered Level 1 of the Pits of Slime
 43523 | Slime:2  | Gained mutation: You have sharp toenails. [a shining eye]
 45930 | Slime:2  | Reached skill level 25 in Shields
 46004 | Slime:2  | Gained mutation: Potions are less effective at restoring
                  | your health. [a shining eye]
 46005 | Slime:2  | Gained mutation: You are clumsy. (Dex -2) [a shining eye]
 46014 | Slime:2  | Gained mutation: You are very clumsy. (Dex -4) [a shining
                  | eye]
 46942 | Slime:4  | Paralysed by a floating eye for 4 turns
 47387 | Slime:4  | Gained mutation: Your body sometimes deteriorates upon
                  | taking damage. [a shining eye]
 47538 | Slime:3  | Lost mutation: Your body sometimes deteriorates upon taking
                  | damage. [a shining eye]
 47540 | Slime:3  | Gained mutation: You do not regenerate when monsters are
                  | visible. [a shining eye]
 47544 | Slime:3  | Lost mutation: You are very clumsy. (Dex -4) [a shining
                  | eye]
 47809 | Slime:3  | Reached XP level 22. HP: 117/138 MP: 22/31
 48335 | Slime:5  | Entered Level 5 of the Pits of Slime
 48701 | Slime:5  | Reached skill level 15 in Fighting
 48715 | Slime:5  | HP: 10/210 [acid (2)]
 48716 | Slime:5  | HP: 3/210 [acid (5)]
 48717 | Slime:5  | HP: 1/210 [acid (2)]
 48718 | Slime:5  | Splashed by an acid blob's acid

Illustrated notes

Levels and vault maps discovered:
D:1:      elethiomel_arrival_quiet, layout_basic
D:2:      layout_loops_ring, serial_forest, infiniplex_forest_lined_3,
          infiniplex_forest_clump_small, infiniplex_forest_clump_cross,
          infiniplex_forest_zigzag_2, infiniplex_forest_lined_2,
          infiniplex_forest_clump_tiny
D:3:      layout_basic, minmay_misc_feat_secret_circle, supply_closet_lemuel,
          minmay_cupped, uniq_natasha, uniq_grinder
D:4:      layout_loops_ring, temple_statues, minmay_shop_grid_forest
D:5:      layout_gridville, makhleb_grotto_becter, uniq_eustachio
D:6:      layout_rooms, serial_undead, serial_undead_d, serial_undead_d,
          serial_undead_d, serial_undead_c, basic_altar
D:7:      layout_gridville, basic_altar, roderic_lattice_a, due_unseen_surprise,
          uniq_pikel, uniq_harold, uniq_menkaure
D:8:      layout_layer_cave, uniq_maurice
D:9:      gammafunk_jiyva_shrine, layout_basic, david_lair_generic,
          serial_shops, nicolae_shop_trees
D:10:     layout_loops_cross, enter_trove_1, hangedman_decor_peaks_small,
          nicolae_qazlal_general_emergency, uniq_josephine, uniq_urug
D:11:     kennysheep_six_static_rooms, layout_irregular_city,
          portal_ice_cave_entry_ice_beasts
D:12:     layout_roguey, david_orc_1_choice, uniq_rupert, uniq_sonja,
          uniq_azrael, uniq_erolcha, uniq_kirke
D:13:     layout_roguey, david_vaults_1, basic_altar, kennysheep_generic_room_11
D:14:     minmay_the_grid_four_pointed_star_mashed
          [minmay_the_grid_triangle_9x9_fully_insulated_deathbox,
          minmay_the_grid_triangle_9x9_cache,
          minmay_the_grid_triangle_9x9_warning,
          minmay_the_grid_triangle_9x9_tough_junction,
          minmay_the_grid_prize_four_corners_diamond_a], layout_basic,
          minmay_staircase_statues, minivault_26, worms_lemuel
D:15:     gammafunk_depths_entry_grave, layout_rooms, serial_shops,
          nicolae_shop_window_shopping, nrook_pool_corridor, drop_trap
Temple:   compressed_dpeg_triangle_lava_temple
Lair:1:   layout_roguey, chequers_serial_rivers_small_3,
          nicolae_quartered_pool_super, beast_lair_carwin_8
Lair:2:   layout_roguey, minmay_lair_oklob_items,
          chequers_serial_rivers_large_a, st_stairs_11, minivault_25,
          grunt_megastairs_3, infiniplex_staircase_pool_2, lemuel_fruit_tree
Lair:3:   layout_loops_ring, st_stairs_7
Lair:4:   layout_cave_pods, minmay_shoals_entry_hut,
          nicolae_spider_entry_tight_spaces, chequers_serial_rivers_micro_a,
          lemuel_old_faithful
Lair:5:   gammafunk_indiana_jones, layout_loops_ring, slime_dummy,
          minmay_lair_oklob_chamber, infiniplex_staircase_pool
Lair:6:   evilmike_catoblepas_cave, layout_gridlike
Shoals:1: layout_shoals, nicolae_shoals_dead_sea_scrolls
Shoals:2: layout_shoals, serial_shops, bzr_entry_lakeside
Shoals:3: layout_shoals, uniq_ilsuiw, uniq_polyphemus
Shoals:4: shoals_end_simple, layout_shoals, uniq_bai_suzhen
Spider:1: layout_chambers, drop_trap
Spider:2: layout_spider_delve, hangedman_spider_tarantella_strand
Spider:3: layout_spider_delve, minmay_another_anthill, uniq_aizul
Spider:4: johnstein_spider_rune_arachne_lair
Slime:1:  layout_caves, nicolae_slime_barrier
Slime:2:  nicolae_slime_pool, layout_caves
Slime:3:  layout_caves
Slime:4:  layout_caves, cheibrodos_slime_lost_civilization_7
Slime:5
Orc:1:    minmay_goldmine, layout_diamond_mine, serial_shops, nicolae_shop_trees
Orc:2:    st_orc_ogre_mass, layout_caves, serial_shops, bzr_entry_dummy
Elf:1:    eino_elf_arrival_shootout, layout_geoelf_grid, mu_enter_wizlab_4,
          serial_shops, nicolae_shop_waterfront, minmay_elf_annihilation
Elf:2:    layout_loops_cross, uniq_asterion
Elf:3:    nooodl_elf_gasket, layout_geoelf_diagonals, serial_shops, shop,
          kilobyte_rumbling_trees

Skill      XL: |  1  2  3  4  5  6  7  8  9 10 11 12 13 14 15 16 17 18 19 20 21 22 |
---------------+-------------------------------------------------------------------+-----
Maces & Flails | 3 4 5 6 7 8 9 11 12 13 14 16 17 18 19 | 19.4
Invocations    | 1 3 5 7 9 11 12 | 12.7
Shields        | 4 5 7 10 12 13 15 17 18 19 21 22 23 24 25 | 25.5
Dodging        | 1 |  1.0
Armour         | 4 6 8 9 10 11 12 13 | 13.7
Fighting       | 7 9 10 12 13 14 15 | 15.0

Action                   |  1- 3 |  4- 6 |  7- 9 | 10-12 | 13-15 | 16-18 | 19-21 | 22-24 || total
-------------------------+-------+-------+-------+-------+-------+-------+-------+-------++-------
Melee: Flail             |   152 |   143 |   363 |       |       |       |       |       ||   658
       Whip              |       |       |       |  1459 |  2364 |       |       |       ||  3823
       Morningstar       |       |       |       |       |   205 |       |       |       ||   205
       Eveningstar       |       |       |       |       |    67 |  1543 |  1779 |   142 ||  3531
Throw: Dart              |       |       |    50 |    37 |    33 |    13 |     8 |     1 ||   142
Invok: Divine Shield     |       |       |       |     4 |     6 |     3 |     3 |     1 ||    17
       Cleansing Flame   |       |       |       |       |       |     1 |     5 |       ||     6
       Summon Divine War |       |       |       |       |       |       |     1 |       ||     1
 Abil: Fly               |       |       |       |       |       |     1 |     2 |       ||     3
       Stop Flying       |       |       |       |       |       |     1 |     2 |       ||     3
  Use: Scroll            |       |       |    15 |     2 |    28 |    13 |     6 |       ||    64
       Potion            |       |       |     1 |     3 |     1 |     4 |     2 |     2 ||    13
Armor: Scale mail        |   114 |    67 |   139 |    51 |       |       |       |       ||   371
       Skin              |       |     2 |       |       |       |       |       |       ||     2
       Plate armour      |       |       |       |   346 |   444 |   597 |   459 |    81 ||  1927
       Chain mail        |       |       |       |     5 |       |       |       |       ||     5
Dodge: Dodged            |    38 |    28 |    58 |   106 |   200 |   294 |   260 |    45 ||  1029
Block: Tower shield      |   164 |    95 |   247 |   893 |  2196 |  2034 |  2186 |   233 ||  8048
       Reflection        |       |       |       |       |    72 |     7 |    92 |     1 ||   172
